 Dungeon Crawl Stone Soup version 0.31-a0-845-g9abc20d24f (webtiles) character file.

Game seed: 4988160969851068990

298512 Bnni the Marksant (level 21, -4/154 HPs)
             Began as a Formicid Hexslinger on Oct 3, 2023.
             Was the Champion of Hepliaklqana.
             Slain by an ironbound frostheart (13 damage)
             ... on level 3 of the Vaults on Oct 4, 2023.
             The game lasted 02:15:33 (37940 turns).

Bnni the Marksant (Formicid Hexslinger)            Turns: 37940, Time: 02:15:34

Health: -4/154     AC: 18    Str: 11    XL:     21   Next: 86%
Magic:  17/38      EV: 25    Int: 12    God:    Hepliaklqana [******]
Gold:   3258       SH:  8    Dex: 32    Spells: 3/47 levels left

rFire   + . .        e - +7 longbow (flame)
rCold   + + .        G - +0 buckler {AC+3}
rNeg    + + +        M - +3 leather armour {rC+ rF+}
rPois   +            (helmet unavailable)
rElec   .            F - +1 cloak
rCorr   +            W - +2 pair of gloves {Dex+3}
SInv    +            n - +2 pair of boots
Will    +++..        P - amulet of Traps {Regen+ Dex+5}
Stlth   ++           q - ring of poison resistance
HPRegen 1.25/turn    h - ring of the Garden {rC+ rN+++ Will+ rCorr Str-4}
MPRegen 0.26/turn

%: no passive effects
@: portalling projectiles, studying Ice Magic
A: reduced essence, permanent stasis, dig shafts and tunnels, antennae 3, four
strong arms, dopey 1
}: 2/15 runes: decaying, gossamer
a: Dig, Shaft Self, Renounce Religion, Recall Ancestor, Ancestor Identity,
Transference, Idealise


You were on level 3 of the Vaults.
You worshipped Hepliaklqana.
Hepliaklqana was exalted by your worship.
You visited 7 branches of the dungeon, and saw 34 of its levels.
You also visited: Ice Cave and Volcano.

You collected 6247 gold pieces.
You spent 2989 gold pieces at shops.

Inventory:

Hand Weapons
 e - a +7 longbow of flaming (weapon)
Missiles
 E - 10 curare-tipped darts
Armour
 n - a +2 pair of boots (worn)
 F - a +1 cloak (worn)
 G - a +0 buckler of protection (worn)
 M - a +3 leather armour of resistance (worn)
 W - a +2 pair of gloves of dexterity (worn)
Jewellery
 c - a ring of protection from fire
 h - the ring of the Garden (right hand) {rC+ rN+++ Will+ rCorr Str-4}
   (You took it off a deep elf pyromancer on level 12 of the Dungeon)

   [ring of protection from cold]

   Str-4:     It affects your strength (-4).
   rC+:       It protects you from cold.
   rN+++:     It renders you almost immune to negative energy.
   Will+:     It increases your willpower.
   rCorr:     It protects you from acid and corrosion.
 j - the amulet of Joucrabie {Spirit +Inv rN++ Regen+}
   (You took it off an efreet on level 12 of the Dungeon)

   [amulet of guardian spirit]

   Spirit:    It causes incoming damage to be divided between your reserves of
   health and magic.
   rN++:      It greatly protects you from negative energy.
   +Inv:      It lets you turn invisible.
   Regen+:    It increases your rate of health regeneration.
 q - a ring of poison resistance (left hand)
 H - a ring of ice
 P - the amulet of Traps (around neck) {Regen+ Dex+5}
   (You took it off an ogre mage on level 12 of the Dungeon)

   [amulet of regeneration]

   Dex+5:     It affects your dexterity (+5).
   Regen+:    It increases your rate of health regeneration.
 S - the amulet "Xadef" {Reflect rC+ rN+ Will+ SH+5 SInv}
   (You took it off a death knight on level 12 of the Dungeon)

   [amulet of reflection]

   Reflect:   It reflects blocked missile attacks.
   rC+:       It protects you from cold.
   rN+:       It protects you from negative energy.
   Will+:     It increases your willpower.
   SInv:      It lets you see invisible.
   SH+5:      It affects your SH (+5).
Wands
 m - a wand of flame (37)
 o - a wand of mindburst (26)
 r - a wand of charming (38)
 x - a wand of quicksilver (7)
 y - a wand of iceblast (38)
 A - a wand of polymorph (14)
 C - a wand of digging (5)
Scrolls
 b - 8 scrolls of poison
 d - 5 scrolls of immolation
 f - 8 scrolls of fear
 l - 7 scrolls of brand weapon
 z - a scroll of enchant armour
 B - 3 scrolls of vulnerability
 I - 8 scrolls of identify
 J - 4 scrolls of silence
 O - 3 scrolls of revelation
 Q - 2 scrolls of fog
Potions
 g - 4 potions of brilliance
 p - 11 potions of curing
 s - 3 potions of magic
 t - 2 potions of attraction
 u - 8 potions of ambrosia
 D - 7 potions of mutation
 K - 2 potions of lignification
 L - 2 potions of enlightenment
 N - 5 potions of cancellation
 R - 2 potions of invisibility
 U - 9 potions of might
 V - a potion of resistance
Miscellaneous
 a - a sack of spiders (inert)
 i - a lightning rod (4/4)
 k - a condenser vane
 T - a phantom mirror (inert)


   Skills:
 + Level 16.4 Fighting
 - Level 20.0 Ranged Weapons
 - Level 5.0 Armour
 * Level 12.3 Dodging
 - Level 8.0 Shields
 + Level 13.8 Spellcasting
 + Level 19.9 Hexes
 - Level 1.0 Fire Magic
 - Level 14.0 Invocations


You had 3 spell levels left.
You knew the following spells:

 Your Spells              Type           Power      Damage    Failure   Level
a - Dazzling Flash        Conj/Hex       64%        N/A       1%          3
b - Inner Flame           Hex/Fire       33%        N/A       1%          3
c - Dimensional Bullseye  Hex/Tloc       16%        N/A       2%          4
d - Cause Fear            Hex            27%        N/A       1%          4
e - Enfeeble              Hex            27%        N/A       3%          7
f - Anguish               Hex/Necr       16%        N/A       2%          4
g - Summon Guardian Gole  Hex/Summ       32%        N/A       1%          3
i - Yara's Violent Unrav  Hex/Tmut       16%        3d8       6%          5
o - Sigil of Binding      Hex            54%        N/A       0%          3
x - Discord               Hex            27%        N/A       26%         8

Your spell library contained the following spells:

 Spells                   Type           Power      Damage    Failure   Level
 Slow                     Hex            100%       N/A       0%          1
 Jinxbite                 Hex            100%       N/A       0%          2
 Confusing Touch          Hex            54%        N/A       0%          3
 Tukima's Dance           Hex            54%        N/A       0%          3
 Ensorcelled Hibernation  Hex/Ice        64%        N/A       1%          2
 Apportation              Tloc           16%        N/A       14%         1
 Magic Dart               Conj           32%        1d4       14%         1
 Shock                    Conj/Air       32%        1d5       14%         1
 Summon Small Mammal      Summ           32%        N/A       14%         1
 Call Imp                 Summ           16%        N/A       21%         2
 Cigotuvi's Dreadful Rot  Necr/Pois/Air  16%        N/A       21%         2
 Wereblood                Tmut           8%         N/A       21%         2
 Ignite Poison            Fire/Tmut/Pois 9%         N/A       34%         3
 Call Canine Familiar     Summ           8%         N/A       38%         3
 Hailstorm                Conj/Ice       8%         3d4       38%         3
 Mephitic Cloud           Conj/Pois/Air  8%         N/A       38%         3
 Stone Arrow              Conj/Erth      16%        3d8       38%         3
 Fulminant Prism          Conj/Hex       16%        3d10      2%          4
 Leda's Liquefaction      Hex/Erth       16%        N/A       2%          4
 Silence                  Hex/Air        16%        N/A       6%          5
 Sticky Flame             Conj/Fire      9%         2d3       73%         4
 Airstrike                Air            4%         2d(1-17)  80%         4
 Dispel Undead            Necr           8%         3d8       80%         4
 Iskenderun's Mystic Bla  Conj/Tloc      8%         2d4       80%         4
 Petrify                  Tmut/Erth      8%         N/A       80%         4
 Summon Ice Beast         Ice/Summ       8%         N/A       80%         4
 Agony                    Necr           8%         N/A       98%         5
 Alistair's Intoxication  Tmut/Pois      5%         N/A       98%         5
 Irradiate                Conj/Tmut      4%         3d13      98%         5
 Iskenderun's Battlesphe  Conj           8%         2d6       98%         5
 Lee's Rapid Deconstruct  Erth           4%         3d5*      98%         5
 Bombard                  Conj/Erth      4%         9d2       100%        6
 Death Channel            Necr           4%         N/A       100%        6
 Simulacrum               Ice/Necr       4%         N/A       100%        6
 Haunt                    Necr/Summ      4%         N/A       100%        7
 Spellforged Servitor     Conj/Summ      4%         N/A       100%        7
 Borgnjor's Revivificati  Necr           4%         N/A       100%        8
 Ignition                 Fire           5%         3d4       100%        8
 Death's Door             Necr           4%         N/A       100%        9
 Blink                    Tloc           Unusable   N/A       N/A         2
 Swiftness                Air            Unusable   N/A       N/A         3

Dungeon Overview and Level Annotations

Branches:
Dungeon (15/15)            Temple (1/1) D:5            Lair (5/5) D:10
  Swamp (4/4) Lair:3       Spider (4/4) Lair:3        Slime (0/5) Lair:4
    Orc (2/2) D:12            Elf (0/3) Orc:2        Vaults (3/5) D:14
  Crypt (0/3) Vaults:2     Depths (0/4) D:15          IceCv (visited)
Volcano (visited)

Altars:
Ashenzari
Cheibriados
Dithmenos
Elyvilon
Fedhas
Gozag
Hepliaklqana
Kikubaaqudgha
Makhleb
Nemelex Xobeh
Okawaru
Qazlal
Ru
Sif Muna
Trog
Uskayaw
Vehumet
Wu Jian
Xom
Yredelemnul
Zin
The Shining One
Jiyva
Lugonu

Shops:
D:4 *((?   Orc:2 !=:(   Vaults:1 (   Vaults:2 :   Vaults:3 (([

Portals:
Abyss: Lair:5

Annotations:
Vaults:3 Donald


Innate Abilities, Weirdness & Mutations

Your life essence is reduced to manifest your ancestor. (-10% HP)
You cannot be hasted, slowed, berserked, paralysed or teleported.
You can dig through walls and to a lower floor.
You have a pair of large antennae on your head. (SInv)
Your four strong arms can wield two-handed weapons with a shield.
You are dopey. (Int -2)


Message History

You shoot an arrow. The arrow hits the war gargoyle.
The war gargoyle is heavily damaged.
Your projectile teleports!
The arrow hits the ironbound frostheart!
The arrow burns the ironbound frostheart.
Your attack snaps the ironbound frostheart out of its fear.
The ironbound frostheart is almost dead.
The war gargoyle barely misses you.
The ironbound frostheart gives up.
Donald the Adventurer comes into view.
He is wielding a +2 vampiric long sword and wearing a +0 kite shield of reflection.
Cornered, the centaur warrior turns to fight!
Okay, then.
Unknown command.
Okay, then.
Unknown command.
Aiming: Phantom Mirror
Press: ? - help, Dir - move target, f - Donald, p - war gargoyle
Aim: Donald, wielding a +2 vampiric long sword, wearing a +0 plate armour and wearing a +0 kite shield of reflection (reflecting blocked projectiles)
You reflect Donald with the mirror!
The mirror clouds!
The war gargoyle misses you.
The cyan ugly thing is engulfed in blazing flames.
Donald hits the vault sentinel with a +2 vampiric long sword!
The vault sentinel hits Donald with a +0 morningstar.
Unknown command.
You reach into the sack... ...and things crawl out!
The centaur warrior evades a web.
The cyan ugly thing is caught in a web!
The sack is emptied!
The war gargoyle launches metal splinters at you.
The spray of metal splinters hits you!!
* * * LOW HITPOINT WARNING * * *
The centaur warrior completely misses you.
You block the centaur warrior's attack.
Something hits Donald.
Donald blocks something's attack.
The war gargoyle hits you with a +0 great mace of protection!!
* * * LOW HITPOINT WARNING * * *
Donald hits Donald but does no damage.
The vault sentinel hits Donald with a +0 morningstar!
Donald casts a spell.
Donald seems to grow stronger.
The ironbound frostheart touches you!
You die...

##########'#######..∩#..
#.#.....#.....#..#...#..
#..c.#....#......#...##.
#.....(.)....††..#....##
#..#.....#.....#.'....8#
########'############......
#..@p.u○....# #.8....
#...@.§†°p9c# #......
#..#######@s# #####+# #.
#.s# #... #).# #... #..#
#... #).# #... #..+, #...
#..# #... ...# #... ###+


You could see Donald (strong, reflecting), a cyan ugly thing (webbed, fleeing),
an ironbound frostheart (ally target, bullseye target), 2 centaur warriors, a
war gargoyle (catching breath), a vault sentinel (fleeing), the friendly Donald
(summoned, drained, reflecting) and 2 friendly scorpions.

Vanquished Creatures
  A bone dragon (Swamp:4)
  Arachne (Spider:4)
  Rupert (D:13)
  Gastronok (D:11)
  Kirke (Swamp:2)
  7 vault wardens
  A frost giant (IceCv)
  3 emperor scorpions (Spider:4)
  9 ironbound preservers
  A broodmother (Spider:4)
  7 ironbound thunderhulks
  2 very ugly things (Vaults:2)
  The ghost of Bnni the Jinx, a journeyman FoHs of Hepliaklqana (D:13)
  8 bunyips
  3 eleionomae
  Nessos (D:13)
  6 dire elephants (Vaults:2)
  A spark wasp (Spider:4)
  7 entropy weavers
  4 yaktaur captains
  4 great orbs of eyes
  A rakshasa (D:15)
  6 vault guards
  A jorogumo (Spider:4)
  4 ogre magi
  10 hydras
  13 boulder beetles
  A catoblepas (Lair:4)
  A radroach (Spider:4)
  11 alligators
  5 ironbound frosthearts
  14 centaur warriors
  2 ghost crabs
  A spriggan air mage (Swamp:2)
  4 two-headed ogres
  2 death knights (Vaults:2)
  A deep troll earth mage (D:15)
  4 death yaks (IceCv)
  7 demonic crawlers
  2 thrashing horrors (Lair:5)
  Sonja (D:13)
  6 pharaoh ants
  3 skysharks
  A shadow wraith (Vaults:2)
  A skeletal warrior (D:11)
  A spriggan druid (Swamp:1)
  3 goliath frogs
  2 orb spiders
  The ghost of ouz the Martial Artist, a novice OpFi of Gozag (D:7)
  23 deep trolls
  An orb spider (shapeshifter) (Vaults:1)
  6 bog bodies
  2 spectral hydras (Swamp:4)
  9 lindwurms
  9 steelbarb worms
  8 harpies (Vaults:2)
  3 swamp dragons
  7 wizards
  3 deep elf pyromancers
  13 ironbound convokers
  An orc knight (D:13)
  3 phantasmal warriors
  8 orc sorcerers (Orc:2)
  An alligator zombie (Swamp:4)
  2 manticores
  22 ugly things
  A will-o-the-wisp (Swamp:4)
  9 wolf spiders
  7 cyclopes
  13 elephants
  6 moths of wrath
  9 vault sentinels
  Maurice (D:8)
  A toenail golem (Volcano)
  Joseph (D:8)
  An orange demon (D:12)
  2 black mambas
  A smoke demon (Lair:5)
  An ice statue (IceCv)
  2 molten gargoyles (Volcano)
  3 gargoyles
  10 cane toads
  2 unseen horrors (D:12)
  7 torpor snails
  2 efreet
  3 kobold demonologists
  2 freezing wraiths
  2 swamp worm zombies (Swamp:4)
  5 rime drakes
  10 komodo dragons
  4 yaktaurs (Vaults:2)
  A tengu conjurer (D:13)
  2 trolls (D:10)
  2 red devils (D:12)
  6 tyrant leeches
  3 bloated husks
  A polar bear (shapeshifter) (Lair:5)
  21 tarantellas
  7 polar bears
  2 raiju (Lair:5)
  3 meliai
  A dream sheep (shapeshifter) (Vaults:3)
  A spectral swamp dragon (Swamp:4)
  8 hornets
  32 blink frogs
  22 jumping spiders
  3 dream sheep (Lair:4)
  Sigmund (D:2)
  11 culicivoras
  15 slime creatures
  A centaur simulacrum (D:13)
  2 shadows
  3 water elementals
  An air elemental (D:15)
  46 yaks
  5 hogs (Swamp:2)
  3 wraiths
  3 wyverns
  6 spriggans
  6 fire elementals
  2 dancing weapons
  3 basilisks
  52 redbacks
  Grum (D:8)
  9 vampire mosquitoes
  17 swamp worms
  An acid dragon (D:12)
  A swamp worm (shapeshifter) (Lair:5)
  7 water moccasins
  2 large abominations (Lair:5)
  3 hell hounds (Orc:2)
  3 swamp dragon zombies (Swamp:4)
  A swamp drake (Swamp:1)
  An ice beast (D:7)
  4 sky beasts
  2 black bears
  5 orc warriors
  5 boggarts (Vaults:3)
  9 centaurs
  7 ogres
  21 wolves
  2 phantoms (Swamp:4)
  5 kobold brigands
  10 bullfrogs
  Blork the orc (D:5)
  6 small abominations (Lair:5)
  4 scorpions
  An earth elemental (Volcano)
  5 wights (D:8)
  A hornet simulacrum (D:15)
  7 killer bees
  A vampire bat (Lair:1)
  2 howler monkeys
  2 electric eels
  2 quasits (D:7)
  4 hounds
  8 orc priests
  4 sleepcaps
  A spectral swamp drake (Swamp:4)
  3 gnoll boudas
  2 iguanas
  26 orc wizards
  A mummy (D:8)
  15 gnolls
  2 swamp drake zombies (Swamp:4)
  10 adders
  2 white imps
  2 worms (D:2)
  4 dart slugs
  35 orcs
  11 bats
  4 endoplasms
  7 giant cockroaches
  3 goblins
  6 hobgoblins
  2 jackals (D:1)
  2 quokkas
  6 ball pythons
  A frilled lizard (D:1)
  3 hobgoblin zombies (D:8)
  13 kobolds
  A kobold zombie (D:8)
  3 rats
1009 creatures vanquished.

Vanquished Creatures (collateral kills)
  A vault warden (Vaults:3)
  An emperor scorpion (Spider:4)
  A frost giant (Vaults:1)
  3 ironbound preservers
  2 broodmothers
  An ironbound thunderhulk (Vaults:1)
  2 bunyips (Swamp:3)
  A dire elephant (Vaults:2)
  2 yaktaur captains
  2 entropy weavers
  A great orb of eyes (Vaults:1)
  A vault guard (Vaults:2)
  A spriggan air mage (Swamp:4)
  A radroach (Spider:4)
  4 boulder beetles
  2 ironbound frosthearts
  2 jorogumos
  2 alligators
  A two-headed ogre (D:12)
  A dancing weapon (D:14)
  A death knight (D:12)
  A hydra (Swamp:3)
  5 centaur warriors
  An ogre mage (D:12)
  9 demonic crawlers
  Nergalle (D:11)
  A spriggan (Swamp:1)
  A goliath frog (Swamp:3)
  3 skeletal warriors (D:11)
  Lodul (D:13)
  10 deep trolls
  A spriggan druid (Swamp:3)
  An orb spider (Spider:4)
  A sun moth (Spider:4)
  2 bog bodies
  A swamp dragon (Swamp:2)
  2 lindwurms
  5 harpies (Vaults:2)
  A wizard (Vaults:3)
  An ironbound convoker (Vaults:2)
  3 steelbarb worms
  5 wolf spiders
  An orc sorcerer (Orc:2)
  An alligator zombie (Swamp:4)
  5 ugly things
  A moth of wrath (Spider:4)
  4 elephants
  A vault sentinel (Vaults:2)
  A molten gargoyle (Volcano)
  A smoke demon (Lair:5)
  5 cane toads
  A gargoyle (D:12)
  6 yaktaurs
  2 torpor snails (Spider:4)
  5 rime drakes
  2 efreet (Volcano)
  3 komodo dragons
  A polar bear (IceCv)
  5 meliai
  3 hydra zombies (Swamp:4)
  A red devil (D:12)
  2 blink frogs
  7 tarantellas
  A tyrant leech (Swamp:3)
  A hornet (Swamp:1)
  4 dream sheep (Lair:4)
  5 jumping spiders
  3 culicivoras (Spider:1)
  6 slime creatures
  3 fire elementals (Orc:2)
  A basilisk (D:12)
  A ynoxinul (Lair:5)
  A chaos spawn (Lair:5)
  5 yaks
  A vampire mosquito (Swamp:4)
  13 redbacks
  An acid dragon (D:11)
  A swamp worm (Swamp:2)
  A large abomination (Lair:5)
  A sky beast (D:15)
  A swamp dragon zombie (Swamp:4)
  5 ogres
  2 wolves
  A phantom (Swamp:4)
  2 bullfrogs (Lair:2)
  5 small abominations (Lair:5)
  An earth elemental (Volcano)
  3 killer bees (D:13)
  An electric eel (D:14)
  A quasit (D:7)
  4 orc wizards (Orc:2)
  A spectral swamp drake (Swamp:4)
  3 orcs (D:10)
  4 bats (Lair:1)
230 creatures vanquished.

Vanquished Creatures (others)
  A vault warden (Vaults:3)
  Azrael (Orc:2)
  A fire dragon (D:13)
  A centaur warrior (Vaults:1)
  A goliath frog (Swamp:3)
  A spectral hydra (Swamp:4)
  A harpy (Vaults:2)
  A wolf spider (Spider:3)
  An ugly thing (Vaults:3)
  A cyclops (D:13)
  A torpor snail (Spider:2)
  A rime drake (IceCv)
  2 yaktaurs
  A meliai (D:13)
  A queen bee (D:13)
  A hornet (D:13)
  4 dancing weapons
  2 phantoms (Swamp:4)
  20 knights
  A hound (D:5)
  5 ancestors
  2 orcs
51 creatures vanquished.

Grand Total: 1290 creatures vanquished

Notes
Turn   | Place    | Note
-------+----------+-------------------------------------------
     0 | D:1      | Bnni the Formicid Hexslinger began the quest for the Orb.
     0 | D:1      | Reached XP level 1. HP: 15/15 MP: 2/2
   122 | D:1      | Reached XP level 2. HP: 21/21 MP: 3/3
   125 | D:1      | Learned a level 2 spell: Jinxbite
   546 | D:1      | Reached XP level 3. HP: 26/26 MP: 5/5
   877 | D:2      | Reached XP level 4. HP: 33/33 MP: 6/6
   943 | D:2      | Reached skill level 3 in Ranged Weapons
   969 | D:2      | Learned a level 4 spell: Cause Fear
  1033 | D:2      | Noticed Sigmund
  1044 | D:2      | Killed Sigmund
  1045 | D:2      | Reached skill level 5 in Hexes
  1045 | D:2      | Reached XP level 5. HP: 16/39 MP: 3/8
  1045 | D:2      | Reached XP level 6. HP: 19/46 MP: 3/9
  1310 | D:3      | Reached skill level 4 in Ranged Weapons
  1378 | D:3      | Learned a level 3 spell: Sigil of Binding
  2179 | D:4      | Noticed a sky beast
  2189 | D:4      | Killed a sky beast
  2190 | D:4      | Reached XP level 7. HP: 52/52 MP: 8/11
  2322 | D:4      | Reached skill level 5 in Ranged Weapons
  2328 | D:4      | You fall into a shaft and drop 2 floors!
  2507 | D:5      | Entered Level 5 of the Dungeon
  2510 | D:5      | Noticed Blork the orc
  2529 | D:5      | Killed Blork the orc
  2530 | D:5      | Reached XP level 8. HP: 38/60 MP: 9/12
  2683 | D:4      | Learned a level 3 spell: Inner Flame
  2903 | D:4      | Found Iprosux's Antique Weapon Shop.
  2905 | D:4      | Found Keboph's Magic Scroll Shop.
  2907 | D:4      | Found Viocwecw's Antique Weapon Shop.
  2908 | D:4      | Found Suatrach's Assorted Antiques.
  2921 | D:4      | Bought a scroll labelled KEBRORORHO for 28 gold pieces
  2921 | D:4      | Bought a murky yellow potion for 25 gold pieces
  2921 | D:4      | Bought 2 yellow potions for 50 gold pieces
  3372 | D:5      | Found a staircase to the Ecumenical Temple.
  3433 | Temple   | Entered the Ecumenical Temple
  3486 | D:5      | Found an ornate altar of the Wu Jian Council.
  4425 | D:6      | Reached skill level 6 in Ranged Weapons
  4647 | D:6      | Found a radiant altar of Vehumet.
  4831 | D:4      | Bought a runed orcbow for 188 gold pieces
  5130 | D:6      | Reached XP level 9. HP: 66/66 MP: 15/15
  5137 | D:6      | Found an iron altar of Okawaru.
  5710 | D:7      | Learned a level 4 spell: Dimensional Bullseye
  5761 | D:7      | Reached skill level 5 in Fighting
  5764 | D:7      | Reached skill level 7 in Ranged Weapons
  5778 | D:7      | Found a transporter.
  5778 | D:7      | Noticed ouz's ghost (novice OpFi)
  5808 | D:7      | Found a transporter.
  6100 | D:8      | Noticed Grum
  6102 | D:8      | Killed Grum
  6119 | D:7      | Reached skill level 5 in Spellcasting
  6311 | D:8      | Reached XP level 10. HP: 59/76 MP: 14/17
  6318 | D:8      | Reached skill level 8 in Ranged Weapons
  6329 | D:7      | Reached skill level 10 in Hexes
  6391 | D:8      | Noticed Joseph
  6397 | D:8      | Killed Joseph
  6451 | D:8      | Found a stormy altar of Qazlal.
  6967 | D:8      | Noticed a kobold demonologist
  6973 | D:8      | Noticed a two-headed ogre
  6987 | D:8      | Killed a two-headed ogre
  6988 | D:8      | Reached skill level 9 in Ranged Weapons
  7009 | D:8      | Noticed a soul eater
  7013 | D:8      | Killed a kobold demonologist
  7489 | D:8      | Noticed Maurice
  7496 | D:8      | Killed Maurice
  7497 | D:8      | Reached XP level 11. HP: 84/84 MP: 13/20
  8107 | D:9      | Found a basalt altar of Yredelemnul.
  8107 | D:9      | Found a hazy altar of Hepliaklqana.
  8115 | D:9      | Became a worshipper of Hepliaklqana the Forgotten
  8354 | D:9      | Reached skill level 1 in Invocations
  8469 | D:9      | Reached * piety under Hepliaklqana
  8552 | D:9      | Noticed a two-headed ogre
  8561 | D:9      | Killed a two-headed ogre
  8562 | D:9      | Reached skill level 10 in Ranged Weapons
  8703 | D:10     | Entered Level 10 of the Dungeon
  8809 | D:10     | Found a hide-covered altar of Uskayaw.
  9038 | D:10     | Noticed a two-headed ogre
  9051 | D:10     | Killed a two-headed ogre
  9119 | D:10     | Found a staircase to the Lair.
  9557 | D:11     | Noticed a cyclops
  9562 | D:11     | Killed a cyclops
  9605 | D:11     | Noticed a boulder beetle
  9616 | D:11     | Killed a boulder beetle
  9825 | D:11     | Noticed Gastronok
  9836 | D:11     | Killed Gastronok
  9837 | D:11     | Reached XP level 12. HP: 82/82 MP: 19/22
  9929 | D:11     | Reached ** piety under Hepliaklqana
  9930 | D:11     | Remembered your ancestor Tankster McGee as a knight
  9955 | D:11     | Noticed a skeletal warrior
 10000 | D:11     | Noticed a skeletal warrior
 10003 | D:11     | Noticed a skeletal warrior
 10053 | Lair:1   | Entered Level 1 of the Lair of Beasts
 10243 | Lair:1   | Reached skill level 11 in Ranged Weapons
 10246 | Lair:1   | Found a frozen archway.
 10256 | IceCv    | Entered an ice cave
 10358 | IceCv    | Noticed a death yak
 10380 | IceCv    | Killed a death yak
 10483 | IceCv    | Noticed a death yak
 10494 | IceCv    | Killed a death yak
 10496 | IceCv    | Reached skill level 5 in Invocations
 10615 | IceCv    | Learned a level 3 spell: Dazzling Flash
 10620 | IceCv    | Learned a level 4 spell: Anguish
 10670 | IceCv    | Noticed a death yak
 10670 | IceCv    | Noticed a frost giant
 10689 | IceCv    | Killed a death yak
 10693 | IceCv    | Killed a frost giant
 10694 | IceCv    | Reached skill level 12 in Ranged Weapons
 10694 | IceCv    | Reached XP level 13. HP: 38/90 MP: 5/25
 11523 | Lair:1   | Learned a level 3 spell: Tukima's Dance
 12203 | Lair:2   | Reached *** piety under Hepliaklqana
 12749 | Lair:2   | Reached skill level 10 in Fighting
 12770 | Lair:2   | Reached skill level 13 in Ranged Weapons
 13770 | D:4      | Bought a scroll of acquirement for 728 gold pieces
 13996 | Lair:3   | Reached XP level 14. HP: 99/99 MP: 24/27
 14077 | Lair:3   | Reached **** piety under Hepliaklqana
 14178 | Lair:3   | Reached skill level 15 in Hexes
 14297 | Lair:3   | Found a hole to the Spider Nest.
 14307 | Lair:3   | Found the +16 obsidian axe {drain, demonic, Mesm Drain Fly
                  | SInv}
 14413 | Lair:3   | Found a staircase to the Swamp.
 15076 | Lair:4   | Reached skill level 14 in Ranged Weapons
 15084 | Lair:4   | Found a dark tunnel.
 15090 | Volcano  | Entered a volcano
 15345 | Volcano  | Reached skill level 10 in Spellcasting
 16405 | Lair:4   | Found a viscous altar of Jiyva.
 16410 | Lair:4   | Found a staircase to the Slime Pits.
 16418 | Lair:4   | Reached XP level 15. HP: 107/107 MP: 29/29
 16947 | Lair:5   | Entered Level 5 of the Lair of Beasts
 17007 | Lair:5   | Reached skill level 1 in Armour
 17516 | Lair:5   | Reached skill level 15 in Ranged Weapons
 17963 | Lair:5   | Reached skill level 10 in Invocations
 18328 | Lair:5   | Found a corrupted altar of Lugonu.
 18328 | Lair:5   | Found a one-way gate to the infinite horrors of the Abyss.
 18332 | Lair:5   | Identified the staff "Grum" {rPois rC+ rN+ SInv Poison}
 18930 | D:11     | Reached ***** piety under Hepliaklqana
 18933 | D:11     | Noticed Nergalle
 18942 | D:11     | Killed Nergalle
 19349 | D:4      | Bought a scroll of enchant armour for 105 gold pieces
 19349 | D:4      | Bought a scroll of enchant weapon for 105 gold pieces
 19955 | D:12     | Found a staircase to the Orcish Mines.
 20091 | D:12     | Reached XP level 16. HP: 108/114 MP: 16/30
 20105 | D:12     | Identified the amulet of Joucrabie {Spirit +Inv rN++
                  | Regen+}
 20133 | D:12     | Identified the ring of the Garden {rC+ rN+++ Will+ rCorr
                  | Str-4}
 20339 | D:12     | Identified the amulet "Xadef" {Reflect rC+ rN+ Will+ SH+5
                  | SInv}
 20347 | D:12     | Identified the amulet of Traps {Regen+ Dex+5}
 20391 | D:12     | You fall into a shaft and drop 2 floors!
 20568 | D:13     | Reached skill level 5 in Dodging
 20663 | D:13     | Noticed Sonja
 20711 | D:13     | Killed Sonja
 21166 | D:12     | Reached skill level 5 in Armour
 21397 | D:12     | Reached skill level 16 in Ranged Weapons
 21677 | Orc:1    | Entered Level 1 of the Orcish Mines
 21856 | Orc:2    | Entered Level 2 of the Orcish Mines
 22066 | Orc:2    | Found a staircase to the Elven Halls.
 22187 | Orc:2    | Reached skill level 1 in Shields
 22202 | Orc:2    | Found Ynlal's Antique Weapon Shoppe.
 22227 | Orc:2    | Found an ancient bone altar of Kikubaaqudgha.
 22302 | Orc:2    | Found Beustridi's Book Emporium.
 22371 | Orc:2    | Found a radiant altar of Vehumet.
 22390 | Orc:2    | Found Qucatwa's Jewellery Shoppe.
 22430 | Orc:2    | Found Nocie's Distillery.
 22526 | Orc:2    | Noticed Azrael
 22544 | Orc:2    | Killed Azrael
 22793 | Orc:2    | Bought Ypag's Vademecum on Reformation and Displacement for
                  | 570 gold pieces
 22793 | Orc:2    | Bought a book of Callings for 300 gold pieces
 22799 | Orc:2    | Learned a level 5 spell: Yara's Violent Unravelling
 22803 | Orc:2    | Learned a level 3 spell: Summon Guardian Golem
 22803 | Orc:2    | Acquired 833 gold pieces
 22805 | Orc:2    | Acquired the Compilation of Volcanic Malediction
 23059 | D:7      | Killed ouz's ghost
 23161 | D:4      | Bought 2 scrolls of identify for 112 gold pieces
 23171 | D:4      | Bought a scroll of identify for 28 gold pieces
 23545 | D:13     | Noticed Lodul
 23548 | D:13     | Killed Lodul
 23704 | D:13     | Found a transporter.
 23704 | D:13     | Found a transporter.
 23711 | D:13     | Noticed Bnni's ghost (journeyman FoHs)
 23718 | D:13     | Noticed Rupert
 23737 | D:13     | Killed Rupert
 23737 | D:13     | Gained mutation: You are dopey. (Int -2) [you]
 23922 | D:13     | Noticed Nessos
 23934 | D:13     | Killed Nessos
 24211 | D:13     | Found the +5 scythe "Finisher" {speed, execute}
 24352 | D:13     | Killed Bnni's ghost
 24577 | D:14     | Reached XP level 17. HP: 122/122 MP: 31/31
 24591 | D:14     | Found a hazy altar of Hepliaklqana.
 24664 | D:14     | Found a broken altar of Ashenzari.
 24733 | D:14     | Reached skill level 5 in Shields
 24760 | D:14     | Found a gate to the Vaults.
 25451 | D:15     | Entered Level 15 of the Dungeon
 25582 | D:15     | Found an ancient bone altar of Kikubaaqudgha.
 25795 | D:15     | Found a staircase to the Depths.
 26554 | Swamp:1  | Entered Level 1 of the Swamp
 26643 | Swamp:1  | Reached ****** piety under Hepliaklqana
 27024 | Swamp:1  | HP: 3/123 [spriggan rider/+0 spear (20)]
 27246 | Swamp:1  | Reached skill level 17 in Ranged Weapons
 27507 | Swamp:2  | Noticed Kirke
 27519 | Swamp:2  | Killed Kirke
 28114 | Swamp:3  | Reached XP level 18. HP: 130/130 MP: 32/32
 28270 | Swamp:3  | Learned a level 7 spell: Enfeeble
 28619 | Swamp:4  | Entered Level 4 of the Swamp
 28674 | Swamp:4  | Got a foxed book
 29357 | Swamp:4  | Noticed a bone dragon
 29390 | Swamp:4  | Killed a bone dragon
 29501 | Swamp:4  | Got a decaying rune of Zot
 29908 | Spider:1 | Entered Level 1 of the Spider Nest
 31179 | Spider:2 | Reached skill level 18 in Ranged Weapons
 31348 | Spider:2 | Reached XP level 19. HP: 13/130 MP: 16/34
 32793 | Spider:4 | Entered Level 4 of the Spider Nest
 33458 | Spider:4 | Noticed Arachne
 33476 | Spider:4 | Killed Arachne
 33480 | Spider:4 | Reached skill level 15 in Fighting
 33647 | Spider:4 | Reached XP level 20. HP: 145/145 MP: 36/36
 33685 | Spider:4 | Got a gossamer rune of Zot
 33686 | Spider:4 | Identified the +1 hat of the Butterfly {rN++}
 34349 | Vaults:1 | Entered Level 1 of the Vaults
 34466 | Vaults:1 | Reached skill level 19 in Ranged Weapons
 34779 | Vaults:1 | Reached skill level 10 in Dodging
 34854 | Vaults:1 | Found Geising's Antique Weapon Emporium.
 35920 | Vaults:2 | Found a staircase to the Crypt.
 36023 | Vaults:2 | Reached XP level 21. HP: 144/153 MP: 34/38
 36055 | Vaults:2 | Found Vipsanad's Book Shoppe.
 37206 | Vaults:2 | Learned a level 8 spell: Discord
 37210 | Vaults:3 | Reached skill level 20 in Ranged Weapons
 37637 | Vaults:3 | Found Gozag's Antique Armour Shoppe.
 37642 | Vaults:3 | Found an opulent altar of Gozag.
 37642 | Vaults:3 | Found Gozag's Antique Weapon Emporium.
 37668 | Vaults:3 | Found Gozag's Antique Weapon Emporium.
 37807 | Vaults:3 | Bought a pair of embroidered boots for 750 gold pieces
 37938 | Vaults:3 | Noticed Donald
 37940 | Vaults:3 | Slain by an ironbound frostheart

Illustrated notes

Levels and vault maps discovered:
D:1:      zaba_arrival_water, layout_basic, serial_corexii_hall,
          corexii_hall_statues_t, corexii_hall_statues_deadend,
          corexii_hall_statues_x, corexii_hall_statues_u, minmay_misc_feat_five
D:2:      layout_rooms, uniq_sigmund
D:3:      layout_basic
D:4:      layout_cave_pools, minmay_shop_grid_forest,
          chequers_serial_rivers_room_a, dreamdust_wishing_well,
          grunt_ministairs_13, hangedman_decor_slide_cut
D:5:      lemuel_ice_spiral_2, layout_rooms,
          mainiacjoe_overflow_concentric_impassable,
          minmay_temple_entry_large_hall, uniq_blork_the_orc
D:6:      layout_cave_pods, amcnicky_altar_gilded, okawaru_ov_weapons_minmay,
          roderic_serpentine_path
D:7:      layout_rooms, gammafunk_ghost_stat_death, corexii_hall_statues_l
D:8:      minmay_chambers_of_fours, layout_basic,
          nicolae_qazlal_eye_of_the_storm, minmay_mini_ossuary, uniq_maurice,
          uniq_joseph, uniq_grum
D:9:      layout_gridville, nicolae_overflow_hidden_temple
D:10:     layout_loops_ring, nicolae_uskayaw_dance_hall, dpeg_oklobed_lair
D:11:     layout_stronghold, uniq_gastronok, uniq_nergalle
D:12:     minmay_the_grid_triangle_9x9_rhombus_thin_mashed
          [minmay_the_grid_triangle_9x9_cache,
          minmay_the_grid_triangle_9x9_prize_special,
          minmay_the_grid_triangle_9x9_impossible_snake,
          minmay_the_grid_triangle_9x9_wacky_v], layout_long_grid, orc_0_dummy,
          minmay_beelzebubs_servants
D:13:     minmay_stepped, layout_irregular_city, gammafunk_ghost_hive,
          uniq_rupert, uniq_nessos, uniq_sonja, uniq_lodul
D:14:     nicolae_moon_pools, layout_basic, erik_vaults_1, ashenzari_altar_1,
          nicolae_hepliaklqana_hazy_memory
D:15:     hellmonk_depths_entry_around_the_bend, layout_loops_ring,
          kiku_gazebo_pond_becter, serial_bayou, serial_bayou_shore_a,
          serial_bayou_pond_d, serial_bayou_crossing, serial_bayou_pond_e,
          dreamdust_looks_like_rain
Temple:   hellmonk_temple_two_chambers
Lair:1:   layout_cave_shapes, portal_ice_cave_rime, roderic_batcave
Lair:2:   layout_cave_pods, grunt_megastairs_4, lemuel_fruit_tree
Lair:3:   layout_misc_corridors, skrybe_swamp_entry_bodies,
          nicolae_spider_entry_lesser_pyramids, nicolae_quartered_pool_medium,
          dreamdust_deal_with_the_devil
Lair:4:   layout_cave_pods, slime_entry_1, nicolae_volcano_entry_s_turn,
          nicolae_lair_grove_arrangements, nicolae_lair_run_with_the_wolves
Lair:5:   hellmonk_lair_end_abyssal_woods, layout_layer_cave,
          infiniplex_staircase_pool_2
Swamp:1:  layout_basic_swamp, nicolae_swamp_feature_on_the_river_bank,
          swamp_pool1
Swamp:2:  layout_basic_swamp, hangedman_swamp_lotus, uniq_kirke
Swamp:3:  layout_falls_marsh, nicolae_swamp_round_clearing
Swamp:4:  swamp_pestilence, layout_basic_swamp, swamp_pool2
Spider:1: layout_cave_pods, hangedman_spider_tarantella_strand
Spider:2: layout_cave_pods, worms_lemuel
Spider:3: layout_cave_pods
Spider:4: hellmonk_spider_rune_bug_friends, uniq_arachne
Orc:1:    nicolae_orc_accident_2, layout_caves, uniq_fannar, uniq_jorgrun
Orc:2:    kennysheep_orc_mage_school, layout_caves, uniq_azrael
Vaults:1: nicolae_vaults_door_testing_chamber, vaults_room_pools,
          ontoclasm_vaults_decontamination, ontoclasm_vaults_gallery,
          nicolae_vaults_trapezoid_lopsided_4, nicolae_vaults_trapezoid_1,
          vaults_room_pool, nicolae_vaults_three_branches,
          nicolae_vaults_hexular_roomagon, v_misc_33, ontoclasm_vaults_eye,
          grunt_vaults_funnel, layout_vaults_ring, serial_shops, shop
Vaults:2: v_misc_22, v_rooms_1, blue_anna_dwarven_crypt,
          nicolae_vaults_ninety_degrees, vaults_room_large_hall,
          ontoclasm_vaults_hangar, st_diamondy, vaults_dpeg_emergency_exit,
          nicolae_vaults_house_3, nicolae_vaults_tetromino_T_1,
          vaults_room_pool, layout_vaults_chaotic_city, serial_shops,
          nicolae_shop_back_alley_shop
Vaults:3: v_misc_11, kennysheep_vaults_gozag_temple, hangedman_vaults_trim,
          nicolae_vaults_border_crossing, v_misc_5, v_misc_12,
          nicolae_vaults_circle_grid_a, nicolae_vaults_specimen_jars,
          hangedman_vaults_impose, nicolae_vaults_house_3,
          nicolae_vaults_house_1, v_misc_9, nicolae_vaults_house_2,
          nicolae_vaults_tetromino_Z_1, layout_vaults_maze_snakey, uniq_donald,
          uniq_jory

Skill      XL: |  1  2  3  4  5  6  7  8  9 10 11 12 13 14 15 16 17 18 19 20 21 |
---------------+----------------------------------------------------------------+-----
Hexes          | 4 5 6 8 9 11 13 14 15 16 17 18 19 | 19.9
Ranged Weapons | 3 4 5 6 7 9 10 12 13 14 15 16 17 18 19 20 | 20.0
Fighting       | 2 3 4 5 7 8 9 10 11 12 13 14 15 16 | 16.4
Spellcasting   | 2 3 4 5 6 7 8 9 10 11 12 13 | 13.8
Invocations    | 3 5 7 9 10 11 12 13 14 | 14.0
Dodging        | 3 4 6 7 8 9 10 12 | 12.3
Armour         | 4 5 |  5.0
Shields        | 4 7 8 |  8.0
Fire Magic     | |  1.0

Action                     |  1- 3 |  4- 6 |  7- 9 | 10-12 | 13-15 | 16-18 | 19-21 || total
---------------------------+-------+-------+-------+-------+-------+-------+-------++-------
  Melee: Short sword       |       |       |     7 |       |       |       |       ||     7
   Fire: Sling             |    67 |   147 |   184 |       |       |       |       ||   398
         Orcbow            |       |       |   107 |   438 |  1009 |   448 |       ||  2002
         Hand cannon       |       |       |       |       |    83 |       |       ||    83
         Longbow           |       |       |       |       |       |   853 |   968 ||  1821
  Throw: Dart              |       |       |       |     1 |       |     8 |     1 ||    10
         Throwing net      |       |       |       |       |       |     3 |       ||     3
   Cast: Jinxbite          |       |     7 |    21 |    19 |     4 |     2 |       ||    53
         Cause Fear        |       |     1 |     2 |    12 |    19 |    16 |     2 ||    52
         Sigil of Binding  |       |       |     4 |     5 |     1 |     5 |       ||    15
         Inner Flame       |       |       |     3 |    14 |    18 |     7 |     6 ||    48
         Dimensional Bulls |       |       |       |     3 |     7 |     9 |    10 ||    29
         Dazzling Flash    |       |       |       |     2 |     5 |    13 |     1 ||    21
         Anguish           |       |       |       |     1 |       |    17 |    14 ||    32
         Tukima's Dance    |       |       |       |       |    15 |    17 |     4 ||    36
         Yara's Violent Un |       |       |       |       |       |     6 |    13 ||    19
         Summon Guardian G |       |       |       |       |       |     6 |     1 ||     7
         Enfeeble          |       |       |       |       |       |     6 |    15 ||    21
 Invoke: Ancestor Identity |       |       |       |     1 |       |       |       ||     1
         Recall Ancestor   |       |       |       |     4 |     5 |     8 |     1 ||    18
         Ancestor Life: Kn |       |       |       |     1 |       |       |       ||     1
         Idealise          |       |       |       |       |     1 |     1 |     3 ||     5
         Transference      |       |       |       |       |       |     1 |       ||     1
Ability: Shaft Self        |       |       |     1 |       |       |     1 |       ||     2
         Dig               |       |       |     1 |     3 |     5 |     5 |     1 ||    15
  Evoke: Phantom mirror    |       |       |       |       |       |     1 |     1 ||     2
         Sack of spiders   |       |       |       |       |       |       |     1 ||     1
    Use: Scroll            |       |     4 |     1 |     3 |     5 |    27 |     1 ||    41
         Potion            |       |       |     1 |     1 |     2 |     6 |     1 ||    11
   Stab: Invisible         |       |       |     1 |       |       |       |       ||     1
 Armour: Robe              |     9 |    57 |   167 |   107 |   169 |       |       ||   509
         Leather armour    |       |       |       |       |    15 |   310 |   138 ||   463
  Dodge: Dodged            |    14 |    54 |   160 |    96 |   110 |   264 |   162 ||   860
  Block: Buckler           |       |       |       |       |    35 |   117 |    68 ||   220

Table legend: (Time is in decaauts)
 A = Elapsed time spent in this place.
 B = Non-inter-level travel time spent in this place.
 C = Inter-level travel time spent in this place.
 D = Time resting spent in this place.
 E = Time spent auto-exploring this place.
 F = Levels seen in this place.
 G = Mean time per level.
                   A        B        C        D        E       F      G
               +--------+--------+--------+--------+--------+-----+--------+
         Total |  37895 |  34671 |   3224 |   4398 |  22746 |  36 | 1052.6 |
       Dungeon |  17176 |  14927 |   2249 |   2170 |   9747 |  15 | 1145.1 |
        Temple |      1 |      1 |      0 |      0 |      0 |   1 |    1.0 |
          Lair |   6736 |   6358 |    378 |    288 |   4691 |   5 | 1347.2 |
         Swamp |   3522 |   3336 |    186 |    617 |   1936 |   4 |  880.5 |
   Spider Nest |   4201 |   4057 |    144 |    358 |   2853 |   4 | 1050.2 |
  Orcish Mines |   1150 |   1015 |    135 |     34 |    737 |   2 |  575.0 |
        Vaults |   3478 |   3347 |    131 |    147 |   2416 |   3 | 1159.3 |
      Ice Cave |    953 |    953 |      0 |    332 |    365 |   1 |  953.0 |
       Volcano |    674 |    674 |      0 |    449 |      0 |   1 |  674.0 |
               +--------+--------+--------+--------+--------+-----+--------+

Top non-repeatable levels by time:
  Lair:5: 1622 daAuts
Vaults:2: 1606 daAuts
    D:13: 1591 daAuts
     D:8: 1570 daAuts
     D:5: 1540 daAuts
  Lair:2: 1526 daAuts
    D:12: 1399 daAuts
  Lair:4: 1333 daAuts
    D:11: 1317 daAuts
 Swamp:4: 1270 daAuts
     D:7: 1237 daAuts
Spider:4: 1229 daAuts
     D:6: 1177 daAuts
Vaults:1: 1177 daAuts
  Lair:1: 1154 daAuts
